TOP OF THE 1ST |
Culver City Extras batting - Pitching for Menlo Maniacs : RHP Jeff Davis
|
Pitching: RHP Jeff Davis
|
|
Batting: RHB Walton Smith
|
0-0: Called Strike 0-1: Foul Ball, location: 2F 0-2: Foul Ball, location: 2F 0-2: Ball 1-2: Ball 2-2: Ball 3-2: Foul Ball, location: 2F 3-2: SINGLE (Groundball, 56D)
|
Batting: LHB Nick English
|
0-0: Ball 1-0: Fly out, F9 (Line Drive, 89M) 1-0: Fly out, F9 (Line Drive, 89M)
|
Batting: LHB Tanyu Imai
|
0-0: Called Strike 0-1: Ball 1-1: SINGLE (Line Drive, 56D) Walton Smith to second
|
Batting: RHB Max Alexander
|
0-0: Foul Ball, location: 2F 0-1: Ball 1-1: Called Strike 1-2: Strikes out swinging
|
Batting: LHB Edmund Ross
|
0-0: Foul Ball, location: 2F 0-1: Ball 1-1: Ground out 4-3 (Groundball, 13)
|
Top of the 1st over - 0 run(s), 2 hit(s), 0 error(s), 2 left on base; Culver City 0 - Menlo 0 |
BOTTOM OF THE 1ST |
Menlo Maniacs batting - Pitching for Culver City Extras : RHP Juan Tapia
|
Pitching: RHP Juan Tapia
|
|
Batting: RHB Daryl Floyd
|
0-0: SINGLE (Groundball, 6MD) (infield hit)
|
Batting: RHB Steve Sampson
|
0-0: Swinging Strike 0-1: Swinging Strike 0-2: Ball Daryl Floyd is caught stealing 2nd base 1-2: Strikes out looking
|
Batting: LHB Arthur Hall
|
0-0: Called Strike 0-1: Ball 1-1: Foul Ball, location: 2F 1-2: Fly out, F8 (Flyball, 8RM)
|
Bottom of the 1st over - 0 run(s), 1 hit(s), 0 error(s), 0 left on base; Culver City 0 - Menlo 0 |
TOP OF THE 2ND |
Culver City Extras batting - Pitching for Menlo Maniacs : RHP Jeff Davis
|
Batting: RHB Ben Alexander
|
0-0: Ball 1-0: Fly out, F8 (Flyball, 8LM)
|
Batting: RHB Dave Anderson
|
0-0: Ball 1-0: Foul Ball, location: 2F 1-1: Ground out 5-3 (Groundball, 5S)
|
Batting: RHB Jesús Aquino
|
0-0: Ball 1-0: Called Strike 1-1: Ball 2-1: Fly out, F7 (Line Drive, 78D)
|
Top of the 2nd over - 0 run(s), 0 hit(s), 0 error(s), 0 left on base; Culver City 0 - Menlo 0 |
BOTTOM OF THE 2ND |
Menlo Maniacs batting - Pitching for Culver City Extras : RHP Juan Tapia
|
Batting: LHB Marcos Pérez
|
0-0: Foul Ball, location: 2F 0-1: Ball 1-1: Ball 2-1: Foul Ball, location: 2F 2-2: SINGLE (Groundball, 4MD)
|
Batting: RHB Júlio Trinidad
|
0-0: Ball Marcos Pérez is caught stealing 2nd base 1-0: Foul Ball, location: 2F 1-1: Called Strike 1-2: Ground out 5-3 (Groundball, 56)
|
Batting: RHB Ernest Russell
|
0-0: Ball 1-0: Ball 2-0: Fly out, F8 (Flyball, 8RD)
|
Bottom of the 2nd over - 0 run(s), 1 hit(s), 0 error(s), 0 left on base; Culver City 0 - Menlo 0 |
TOP OF THE 3RD |
Culver City Extras batting - Pitching for Menlo Maniacs : RHP Jeff Davis
|
Batting: LHB Brian Ford
|
0-0: Ball 1-0: SINGLE (Groundball, 3S)
|
Batting: RHB Walton Smith
|
0-0: Ball 1-0: Ball 2-0: Called Strike 2-1: Swinging Strike 2-2: Foul Ball, location: 2F 2-2: Grounds into double play, 5-4-3 (Groundball, 56)
|
Batting: LHB Nick English
|
0-0: Ball 1-0: Ball 2-0: Swinging Strike 2-1: Foul Ball, location: 2F 2-2: Foul Ball, location: 2F 2-2: Ground out U3 (Groundball, 3S)
|
Top of the 3rd over - 0 run(s), 1 hit(s), 0 error(s), 0 left on base; Culver City 0 - Menlo 0 |
BOTTOM OF THE 3RD |
Menlo Maniacs batting - Pitching for Culver City Extras : RHP Juan Tapia
|
Batting: LHB Paul Alexander
|
0-0: Called Strike 0-1: Foul Ball, location: 2F 0-2: Ball 1-2: Ball 2-2: SOLO HOME RUN (Flyball, 89XD), Distance : 411 ft
|
Batting: RHB Robert Downing
|
0-0: Called Strike 0-1: Foul Ball, location: 2F 0-2: Strikes out looking
|
Batting: RHB Gilberto León
|
0-0: Ball 1-0: Ball 2-0: Swinging Strike 2-1: Swinging Strike 2-2: Strikes out swinging
|
Batting: RHB Daryl Floyd
|
0-0: Called Strike 0-1: Ball 1-1: SINGLE (Line Drive, 78S)
|
Batting: RHB Steve Sampson
|
0-0: Ground out 6-3 (Groundball, 56)
|
Bottom of the 3rd over - 1 run(s), 2 hit(s), 0 error(s), 1 left on base; Culver City 0 - Menlo 1 |
TOP OF THE 4TH |
Culver City Extras batting - Pitching for Menlo Maniacs : RHP Jeff Davis
|
Batting: LHB Tanyu Imai
|
0-0: Ball 1-0: Called Strike 1-1: Called Strike 1-2: Fly out, F6 (Popup, 6M)
|
Batting: RHB Max Alexander
|
0-0: Ball 1-0: DOUBLE (Flyball, 78D)
|
Batting: LHB Edmund Ross
|
0-0: Ball 1-0: Swinging Strike 1-1: Ground out 1-3 (Groundball, 3S) Max Alexander to third
|
Batting: RHB Ben Alexander
|
0-0: Ball 1-0: Fly out, F6 (Popup, 4MS)
|
Top of the 4th over - 0 run(s), 1 hit(s), 0 error(s), 1 left on base; Culver City 0 - Menlo 1 |
BOTTOM OF THE 4TH |
Menlo Maniacs batting - Pitching for Culver City Extras : RHP Juan Tapia
|
Batting: LHB Arthur Hall
|
0-0: Ball 1-0: Swinging Strike 1-1: Ball 2-1: Ball 3-1: Foul Ball, location: 2F 3-2: Ground out 6-3 (Groundball, 6S)
|
Batting: LHB Marcos Pérez
|
0-0: Ball 1-0: Called Strike 1-1: Ball 2-1: Foul Ball, location: 2F 2-2: Foul Ball, location: 2F 2-2: Strikes out looking
|
Batting: RHB Júlio Trinidad
|
0-0: Ball 1-0: Ball 2-0: Called Strike 2-1: Ball 3-1: SINGLE (Groundball, 4MD)
|
Batting: RHB Ernest Russell
|
0-0: Ball 1-0: Called Strike 1-1: Foul Ball, location: 2F 1-2: Ball 2-2: SINGLE (Groundball, 34) Júlio Trinidad to second Runner from 2nd tries for 3rd, SAFE, throw made to third Ernest Russell to second
|
Pinch Runner at 3rd Luis Ramírez:
|
|
Batting: LHB Paul Alexander
|
0-0: Foul Ball, location: 2F 0-1: Ground out 3-1 (Groundball, 3)
|
Bottom of the 4th over - 0 run(s), 2 hit(s), 0 error(s), 2 left on base; Culver City 0 - Menlo 1 |
TOP OF THE 5TH |
Culver City Extras batting - Pitching for Menlo Maniacs : RHP Jeff Davis
|
Now at 3B: Luis Ramírez
|
|
Batting: RHB Dave Anderson
|
0-0: Ball 1-0: Ball 2-0: Ball 3-0: Base on Balls
|
Batting: RHB Jesús Aquino
|
0-0: Called Strike 0-1: Ball 1-1: Fly out, F8 (Flyball, 8RM)
|
Batting: LHB Brian Ford
|
0-0: Foul Ball, location: 2F 0-1: Ball 1-1: SINGLE (Line Drive, 34) Dave Anderson to second
|
Batting: RHB Walton Smith
|
0-0: Ball 1-0: Foul Ball, location: 2F 1-1: Ball 2-1: Swinging Strike 2-2: SINGLE (Groundball, 6MD) Dave Anderson to third Brian Ford to second Runner from 3rd tries for Home, SAFE, no throw or cutoff
|
Batting: LHB Nick English
|
0-0: Ball 1-0: Ball 2-0: Called Strike 2-1: SINGLE (Groundball, 4MD) (infield hit) Brian Ford to third Walton Smith to second
|
Batting: LHB Tanyu Imai
|
0-0: Ball 1-0: Ball 2-0: Foul Ball, location: 2F 2-1: Fly out, F7 (Flyball, 78XD) Runner from 3rd tags up, SCORES, no throw Walton Smith to third
|
Batting: RHB Max Alexander
|
0-0: Called Strike 0-1: Called Strike 0-2: Ball Nick English steals 2nd base 1-2: Strikes out swinging
|
Top of the 5th over - 2 run(s), 3 hit(s), 0 error(s), 2 left on base; Culver City 2 - Menlo 1 |
BOTTOM OF THE 5TH |
Menlo Maniacs batting - Pitching for Culver City Extras : RHP Juan Tapia
|
Batting: RHB Robert Downing
|
0-0: Ball 1-0: Called Strike 1-1: Foul Ball, location: 2F 1-2: Ball 2-2: Strikes out swinging
|
Batting: RHB Gilberto León
|
0-0: Ground out 4-3 (Groundball, 4)
|
Batting: RHB Daryl Floyd
|
0-0: Ball 1-0: Ball 2-0: Ball 3-0: Swinging Strike 3-1: Foul Ball, location: 2F 3-2: Strikes out swinging
|
Bottom of the 5th over - 0 run(s), 0 hit(s), 0 error(s), 0 left on base; Culver City 2 - Menlo 1 |
TOP OF THE 6TH |
Culver City Extras batting - Pitching for Menlo Maniacs : RHP Jeff Davis
|
Batting: LHB Edmund Ross
|
0-0: Ground out U3 (Groundball, 3)
|
Batting: RHB Ben Alexander
|
0-0: Ball 1-0: Ground out 5-3 (Groundball, 5L)
|
Batting: RHB Dave Anderson
|
0-0: SINGLE (Groundball, 5L)
|
Batting: RHB Jesús Aquino
|
0-0: Ball 1-0: Foul Ball, location: 2F 1-1: Fly out, F7 (Flyball, 7M)
|
Top of the 6th over - 0 run(s), 1 hit(s), 0 error(s), 1 left on base; Culver City 2 - Menlo 1 |
BOTTOM OF THE 6TH |
Menlo Maniacs batting - Pitching for Culver City Extras : RHP Juan Tapia
|
Batting: RHB Steve Sampson
|
0-0: Ball 1-0: Foul Ball, location: 2F 1-1: Foul Ball, location: 2F 1-2: Foul Ball, location: 2F 1-2: SINGLE (Flyball, 8LS)
|
Batting: LHB Arthur Hall
|
0-0: Ball 1-0: Swinging Strike 1-1: Swinging Strike 1-2: Strikes out looking
|
Batting: LHB Marcos Pérez
|
0-0: Called Strike 0-1: Swinging Strike 0-2: Strikes out looking
|
Batting: RHB Luis Ramírez
|
0-0: Called Strike 0-1: SINGLE (Groundball, 6D) Steve Sampson to second
|
Batting: RHB Ernest Russell
|
0-0: Ball 1-0: Ball 2-0: Called Strike 2-1: Ball 3-1: Base on Balls Steve Sampson to third Luis Ramírez to second
|
Batting: LHB Paul Alexander
|
0-0: Ground out 4-3 (Groundball, 4)
|
Bottom of the 6th over - 0 run(s), 2 hit(s), 0 error(s), 3 left on base; Culver City 2 - Menlo 1 |
TOP OF THE 7TH |
Culver City Extras batting - Pitching for Menlo Maniacs : RHP Jeff Davis
|
Batting: LHB Brian Ford
|
0-0: Ball 1-0: Foul Ball, location: 2F 1-1: SINGLE (Groundball, 25) (infield hit)
|
Pitching: RHP Steve Poe
|
|
Batting: RHB Walton Smith
|
0-0: Ball 1-0: Ball 2-0: Bunted foul 2-1: Ball 3-1: Sac Bunt - play at first, batter OUT! 1-4 Brian Ford to second
|
Batting: LHB Nick English
|
0-0: Ball 1-0: Called Strike 1-1: Ground out 4-3 (Groundball, 4) Brian Ford to third
|
Batting: LHB Tanyu Imai
|
0-0: Ball 1-0: Ball 2-0: Called Strike 2-1: Swinging Strike 2-2: Foul Ball, location: 2F 2-2: Ball 3-2: Base on Balls
|
Pinch Hitting: RHB Tony Cruz
|
0-0: Called Strike 0-1: Ball Wild Pitch! Brian Ford scores Tanyu Imai to second 1-1: Foul Ball, location: 2F 1-2: SINGLE (Groundball, 6M) Tanyu Imai to third Runner from 3rd tries for Home, SAFE, no throw or cutoff
|
Batting: LHB Edmund Ross
|
0-0: Ball Wild Pitch! Tony Cruz to second 1-0: Foul Ball, location: 2F 1-1: Ball 2-1: 2-RUN HOME RUN (Flyball, 89XD), Distance : 414 ft
|
Pitching: RHP Domingo Franco
|
|
Batting: RHB Ben Alexander
|
0-0: Ball 1-0: Called Strike 1-1: Ball 2-1: Ball 3-1: SINGLE (Groundball, 34)
|
Batting: RHB Dave Anderson
|
0-0: Called Strike 0-1: Ball 1-1: Swinging Strike 1-2: Ball 2-2: Ball 3-2: Foul Ball, location: 2F 3-2: DOUBLE (Groundball, 5L) Ben Alexander to third Ben Alexander scores
|
Batting: RHB Jesús Aquino
|
0-0: Called Strike 0-1: Swinging Strike 0-2: Ball 1-2: Foul Ball, location: 2F 1-2: Ball 2-2: Ball 3-2: Foul Ball, location: 2F 3-2: Foul Ball, location: 2F 3-2: Ground out 5-3 (Groundball, 56)
|
Top of the 7th over - 5 run(s), 5 hit(s), 0 error(s), 1 left on base; Culver City 7 - Menlo 1 |
BOTTOM OF THE 7TH |
Menlo Maniacs batting - Pitching for Culver City Extras : RHP Juan Tapia
|
Pitching: RHP José González
|
|
Now at 1B: Tony Cruz
|
|
Batting: RHB Robert Downing
|
0-0: Called Strike 0-1: Ball 1-1: Ball 2-1: Swinging Strike 2-2: Ground out 5-3 (Groundball, 56)
|
Batting: RHB Gilberto León
|
0-0: Ball 1-0: Ball 2-0: Foul Ball, location: 2F 2-1: Called Strike 2-2: Foul Ball, location: 2F 2-2: Ball 3-2: Foul Ball, location: 2F 3-2: Foul Ball, location: 2F 3-2: Base on Balls
|
Batting: RHB Daryl Floyd
|
0-0: Called Strike 0-1: Ball 1-1: Ground out 6-3 (Groundball, 6S) Gilberto León to second
|
Batting: RHB Steve Sampson
|
0-0: Called Strike 0-1: Ball 1-1: Ball 2-1: SINGLE (Line Drive, 7LS) Gilberto León to third
|
Batting: LHB Arthur Hall
|
0-0: Called Strike 0-1: Called Strike 0-2: Ball 1-2: Ball 2-2: Fly out, F7 (Flyball, 78S)
|
Bottom of the 7th over - 0 run(s), 1 hit(s), 0 error(s), 2 left on base; Culver City 7 - Menlo 1 |
TOP OF THE 8TH |
Culver City Extras batting - Pitching for Menlo Maniacs : RHP Domingo Franco
|
Batting: LHB Brian Ford
|
0-0: Ball 1-0: Ball 2-0: Foul Ball, location: 2F 2-1: Called Strike 2-2: Ball 3-2: Foul Ball, location: 2F 3-2: Base on Balls
|
Batting: RHB Walton Smith
|
0-0: Ball 1-0: Called Strike 1-1: Sac Bunt - play at first, batter OUT! 1-4 Brian Ford to second
|
Batting: LHB Nick English
|
0-0: Ball 1-0: Ball 2-0: Ball 3-0: Called Strike 3-1: Ground out 4-3 (Groundball, 4) Brian Ford to third
|
Batting: LHB Tanyu Imai
|
0-0: Called Strike 0-1: Ball 1-1: Foul Ball, location: 2F 1-2: Strikes out looking
|
Top of the 8th over - 0 run(s), 0 hit(s), 0 error(s), 1 left on base; Culver City 7 - Menlo 1 |
BOTTOM OF THE 8TH |
Menlo Maniacs batting - Pitching for Culver City Extras : RHP José González
|
Batting: LHB Marcos Pérez
|
0-0: Ball 1-0: Fly out, F7 (Popup, 8LS)
|
Batting: RHB Luis Ramírez
|
0-0: Swinging Strike 0-1: Swinging Strike 0-2: Strikes out swinging
|
Batting: RHB Ernest Russell
|
0-0: Called Strike 0-1: Ball 1-1: Swinging Strike 1-2: Fly out, F8 (Flyball, 8RD)
|
Bottom of the 8th over - 0 run(s), 0 hit(s), 0 error(s), 0 left on base; Culver City 7 - Menlo 1 |
TOP OF THE 9TH |
Culver City Extras batting - Pitching for Menlo Maniacs : RHP Domingo Franco
|
Batting: RHB Tony Cruz
|
0-0: Ball 1-0: Foul Ball, location: 2F 1-1: Ball 2-1: Ground out 3-1 (Groundball, 34S)
|
Batting: LHB Edmund Ross
|
0-0: Called Strike 0-1: Ball 1-1: Called Strike 1-2: Foul Ball, location: 2F 1-2: Strikes out looking
|
Batting: RHB Ben Alexander
|
0-0: Ground out 6-3 (Groundball, 6)
|
Top of the 9th over - 0 run(s), 0 hit(s), 0 error(s), 0 left on base; Culver City 7 - Menlo 1 |
BOTTOM OF THE 9TH |
Menlo Maniacs batting - Pitching for Culver City Extras : RHP José González
|
Pitching: RHP Pedro Días
|
|
Batting: LHB Paul Alexander
|
0-0: Ball 1-0: Ball 2-0: Foul Ball, location: 2F 2-1: Swinging Strike 2-2: Ground out 1-3 (Groundball, 23)
|
Batting: RHB Robert Downing
|
0-0: Called Strike 0-1: Ground out 3-1 (Groundball, 34)
|
Batting: RHB Gilberto León
|
0-0: Ball 1-0: Ball 2-0: Called Strike 2-1: Ball 3-1: Foul Ball, location: 2F 3-2: Strikes out swinging
|
Bottom of the 9th over - 0 run(s), 0 hit(s), 0 error(s), 0 left on base; Culver City 7 - Menlo 1 |
|